 Dungeon Crawl Stone Soup version 0.22.1-2-g9c5b331 (webtiles) character file.

326 Lilu the Conjurer (level 6, -3/35 HPs)
             Began as a Deep Elf Conjurer on Nov 12, 2018.
             Slain by a bullfrog zombie (4 damage)
             ... on level 6 of the Dungeon.
             The game lasted 00:11:29 (4387 turns).

Lilu the Conjurer (Deep Elf Conjurer)               Turns: 4387, Time: 00:11:30

Health: -3/35      AC:  6    Str:  5    XL:     6   Next: 24%
Magic:  10/15      EV: 13    Int: 22    God:
Gold:   173        SH:  0    Dex: 15    Spells: 11/14 levels left

rFire    + . .     SeeInvis .   r - +2 dagger (speed)
rCold    . . .     Gourm    .   (no shield)
rNeg     . . .     Faith    .   h - +0 leather armour (curse)
rPois    .         Spirit   .   q - +0 helmet
rElec    .         Reflect  .   C - -2 cloak (curse)
rCorr    .         Harm     .   n - +0 pair of gloves
MR       .....                  (no boots)
Stlth    ++........             (no amulet)
HPRegen  0.11/turn              b - +2 ring of protection
MPRegen  0.14/turn              m - ring of protection from fire

@: no status effects
A: no striking features
a: no special abilities


You were on level 6 of the Dungeon.
You were not hungry.

You visited 1 branch of the dungeon, and saw 5 of its levels.

You collected 173 gold pieces.

Inventory:

Hand Weapons
 i - a +0 hunting sling
 r - a +2 dagger of speed (weapon)
 B - a +3 quarterstaff of chaos
Missiles
 d - 4 javelins (quivered)
 j - 150 stones
 s - 21 sling bullets
Armour
 a - a +0 robe
 h - a cursed +0 leather armour (worn)
 n - a +0 pair of gloves (worn)
 q - a +0 helmet (worn)
 C - a cursed -2 cloak (worn)
Magical Staves
 y - an uncursed staff of air
Jewellery
 b - a +2 ring of protection (left hand)
 l - a +2 ring of dexterity {unknown}
 m - a ring of protection from fire (right hand)
Scrolls
 g - a scroll of immolation
 k - 3 scrolls of magic mapping
 o - a scroll of blinking
 w - a scroll of fog
Potions
 e - 2 potions of lignification {unknown}
 f - 2 potions of heal wounds
 p - a potion of curing
 t - a potion of ambrosia {unknown}
 u - a potion of invisibility {unknown}
 v - a potion of berserk rage {unknown}
 x - a potion of cancellation {unknown}
 z - 2 potions of might
Comestibles
 c - 7 rations


   Skills:
 + Level 2.0 Fighting
 + Level 4.1 Dodging
 - Level 2.4 Stealth
 + Level 4.7 Spellcasting
 * Level 6.2 Conjurations


You had 11 spell levels left.
You knew the following spells:

 Your Spells              Type           Power        Failure   Level  Hunger
a - Magic Dart            Conj           ####         1%          1    None
b - Searing Ray           Conj           ####..       1%          2    None

Your spell library contained the following spells:

 Spells                   Type           Power        Failure   Level  Hunger
 Iskenderun's Mystic Bla  Conj           ####....     13%         4    ####...
 Dazzling Spray           Conj/Hex       ###...       14%         3    ##.....
 Force Lance              Conj/Tloc      ###.....     43%         4    ####...
 Fulminant Prism          Conj/Hex       ###.......   43%         4    ####...


Dungeon Overview and Level Annotations

Branches:
Dungeon (4/15)
 Temple: D:4-7

Altars:
Fedhas
Nemelex Xobeh
Sif Muna


Message History

The gnoll closely misses you.
The bullfrog zombie hits you but does no damage.
The searing ray hits the gnoll.
The gnoll is severely wounded.
The gnoll hits you with a halberd! The bullfrog zombie hits you.
* * * LOW HITPOINT WARNING * * *
The searing ray hits the gnoll.
You kill the gnoll!
The bullfrog zombie hits you but does no damage.
The searing ray hits the gnoll.
You kill the gnoll!
The searing ray hits the gnoll sergeant.
The gnoll sergeant is heavily wounded.
You finish channeling your searing ray.
The bullfrog zombie hits you.
* * * LOW HITPOINT WARNING * * *
The gnoll sergeant hits you but does no damage.
The bullfrog zombie hits you.
* * * LOW HITPOINT WARNING * * *
The gnoll sergeant closely misses you. The bullfrog zombie hits you.
You die...

,,**.....#Z## *******#...o#
*******#....### **,,,**#..#...#
*,,,,,*##.###o# *,,,,,**#.,,#.#
*,,,,,**###.#.####
**,,,*****#..ZoZ.#
********,*##.###@# ,,,,,,**,* #.*
#)# ********,**#.**#g#*
***,****,,,..,,gg.*
**,,,***,,,..,*#..***************
*,,,,,**,*.$.,,....,,,,,,,,,,,,,,
**,,,**********####**************
***,**** ********


You could see an orc warrior, a gnoll sergeant, 2 gnolls, an adder zombie and a
bullfrog zombie.

Vanquished Creatures
  A hound (D:4)
  An orc priest (D:4)
  Crazy Yiuf (D:3)
  An orc wizard (D:4)
  Robin (D:2)
  2 gnolls (D:6)
  8 adders
  An ooze (D:4)
  2 worms (D:3)
  4 dart slugs
  3 leopard geckos
  4 orcs
  3 giant cockroaches
  15 goblins
  6 hobgoblins
  11 jackals
  4 kobolds
  3 ball pythons
  5 bats
  4 frilled lizards
  11 rats
  A fungus (D:3)
92 creatures vanquished.

Notes
Turn   | Place    | Note
-------+----------+-------------------------------------------
     0 | D:1      | Lilu the Deep Elf Conjurer began the quest for the Orb.
     0 | D:1      | Reached XP level 1. HP: 10/10 MP: 6/6
   180 | D:1      | Reached XP level 2. HP: 15/15 MP: 5/8
   521 | D:3      | Learned a level 2 spell: Searing Ray
   839 | D:1      | Reached XP level 3. HP: 20/20 MP: 4/9
  1213 | D:2      | Reached skill level 1 in Fighting
  1213 | D:2      | Reached skill level 5 in Conjurations
  1384 | D:2      | Noticed Robin
  1561 | D:2      | Reached XP level 4. HP: 25/25 MP: 1/11
  1667 | D:2      | Killed Robin
  2788 | D:3      | Reached XP level 5. HP: 22/29 MP: 8/13
  2996 | D:3      | Found a sparkling altar of Nemelex Xobeh.
  3177 | D:3      | Found a blossoming altar of Fedhas.
  3787 | D:3      | Found a runed door.
  3791 | D:3      | Noticed Crazy Yiuf
  3822 | D:3      | Killed Crazy Yiuf
  3964 | D:4      | Reached skill level 6 in Conjurations
  4076 | D:4      | Reached XP level 6. HP: 24/35 MP: 7/14
  4354 | D:4      | You fall through a shaft for 2 floors!
  4354 | D:6      | Noticed an orc warrior
  4358 | D:6      | Found a deep blue altar of Sif Muna.
  4386 | D:6      | HP: 1/35 [bullfrog zombie (2)]
  4387 | D:6      | Slain by a bullfrog zombie

Skill      XL: |  1  2  3  4  5  6 |
---------------+-------------------+-----
Dodging        | 3 4 |  4.1
Fighting       | 1 2 |  2.0
Conjurations   | 5 6 |  6.2
Spellcasting   | 4 |  4.7
Stealth        | |  2.4

Action                   |  1- 3 |  4- 6 || total
-------------------------+-------+-------++-------
Melee: Dagger            |    17 |    86 ||   103
Throw: Stone             |     1 |       ||     1
 Cast: Magic Dart        |    82 |    34 ||   116
       Searing Ray       |     3 |    13 ||    16
  Use: Scroll            |       |     6 ||     6
 Stab: Sleeping          |       |     2 ||     2
  Eat: Chunk             |     2 |     5 ||     7
       Ration            |       |     1 ||     1
Armor: Leather armour    |    21 |    26 ||    47
Dodge: Dodged            |    38 |    34 ||    72
